 Dungeon Crawl Stone Soup version 0.25-a0-67-g7dccc1bee0 (webtiles) character file.

Game seed: 12552745636135081063, levelgen mode: deterministic

770 bbtutu the Skirmisher (level 7, -4/54 HPs)
             Began as an Octopode Fighter on Nov 1, 2019.
             Was a Follower of Nemelex Xobeh.
             Slain by a wyvern (12 damage)
             ... summoned by the player character
             ... on level 4 of the Dungeon.
             The game lasted 00:05:18 (4699 turns).

bbtutu the Skirmisher (Octopode Fighter)            Turns: 4699, Time: 00:05:18

Health: -4/54      AC:  1    Str: 18    XL:     7   Next: 82%
Magic:  0/8        EV: 12    Int: 10    God:    Nemelex Xobeh [*.....]
Gold:   151        SH: 10    Dex: 15    Spells: 6/6 levels left

rFire    + . .     SeeInvis .   a - +0 rapier
rCold    . . .     Gourm    .   b - +0 shield
rNeg     + . .     Faith    .   (helmet restricted)
rPois    .         Spirit   +   e - amulet of guardian spirit
rElec    .         Reflect  .   f - +4 ring of dexterity
rCorr    +         Harm     .   g - ring of positive energy
MR       .....                  l - ring of resist corrosion
Stlth    ++........             A - ring of protection from fire
HPRegen  0.18/turn              (no ring)
MPRegen  0.11/turn              (no ring)
                                (no ring)
                                (no ring)

@: no status effects
A: almost no armour, stealthy swim, amphibious, 8 rings, constrict 8, camouflage
1, gelatinous body 1
a: Draw Escape, Draw Destruction, Draw Summoning, Renounce Religion


You were on level 4 of the Dungeon.
You worshipped Nemelex Xobeh.
Nemelex Xobeh was aware of your devotion.
You were hungry.

You visited 1 branch of the dungeon, and saw 4 of its levels.

You collected 151 gold pieces.

Inventory:

Hand Weapons
 a - a +0 rapier (weapon)
 v - a +4 quarterstaff of chaos
 x - a +2 hand axe of holy wrath
 y - a +2 dagger of pain
 C - a +0 hunting sling
 E - a +0 trident
 F - a +0 war axe
Missiles
 u - 7 boomerangs (quivered)
 D - 52 stones
Armour
 b - a +0 shield (worn)
 w - a +0 cloak
Jewellery
 e - an amulet of guardian spirit (around mantle)
 f - a +4 ring of dexterity (left tentacle)
 g - a ring of positive energy (right tentacle)
 l - a ring of resist corrosion (on tentacle)
 A - a ring of protection from fire (on tentacle)
Scrolls
 h - 4 scrolls of teleportation {unknown}
 j - 3 scrolls of identify {unknown}
 o - 2 scrolls of magic mapping {unknown}
 q - 3 scrolls of remove curse {unknown}
 s - a scroll of enchant armour {unknown}
 z - a scroll of amnesia {unknown}
 B - 2 scrolls of enchant weapon {unknown}
 H - a scroll of immolation {unknown}
Potions
 c - a potion of might
 i - 2 potions of heal wounds {unknown}
 k - a potion of curing {@q1}
 m - 2 potions of berserk rage {unknown}
 n - 2 potions of resistance {unknown}
 p - a potion of brilliance {unknown}
 r - a potion of mutation {unknown}
 t - a potion of magic {unknown}
Comestibles
 d - 9 rations


   Skills:
 * Level 7.2 Fighting
 - Level 2.0 Short Blades
 - Level 3.0 Dodging
 + Level 5.4 Shields
 + Level 2.4 Invocations


You had 6 spell levels left.
You didn't know any spells.
Your spell library contained the following spells:

 Spells                   Type           Power        Failure   Level  Hunger
 Magic Dart               Conj           #...         78%         1    ##.....
 Searing Ray              Conj           #.....       89%         2    ###....
 Dazzling Spray           Conj/Hex       #.....       98%         3    ####...
 Force Lance              Conj/Tloc      #.......     100%        4    #####..
 Fulminant Prism          Conj/Hex       #.........   100%        4    #####..
 Iskenderun's Mystic Bla  Conj           #.......     100%        4    #####..


Dungeon Overview and Level Annotations

Branches:
Dungeon (4/15)
 Temple: D:4-7

Altars:
Nemelex Xobeh


Innate Abilities, Weirdness & Mutations

You cannot wear most types of armour.
You are very stealthy in the water. (Stealth+)
You are amphibious.
You can wear up to eight rings at the same time.
You can use your tentacles to constrict eight enemies at once.
Your skin changes colour to match your surroundings (Stealth+).
Your rubbery body absorbs attacks. (AC +1, EV +1)


Message History

The wyvern bites your wyvern!
Your yaktaur hits the wyvern. Your yaktaur hits the wyvern!
The wyvern dies!
The wyvern's corpse disappears in a puff of smoke!
Your yaktaur hits the wyvern. Something bites your yaktaur!
Something barely misses your yaktaur.
Your yaktaur barely misses the leopard gecko skeleton.
Found a stone staircase leading down.
A leopard gecko skeleton is nearby!
The leopard gecko skeleton barely misses your yaktaur.
You block the leopard gecko skeleton's attack.
You closely miss the leopard gecko skeleton.
You grab the leopard gecko skeleton.
You constrict the leopard gecko skeleton.
The leopard gecko skeleton closely misses you.
You puncture the leopard gecko skeleton!
You destroy the leopard gecko skeleton!
The wyvern bites you!
You die...
Your body disappears without a glow.

.... .# #. .###
# #.# ....
.##.##.# ####
#.#........ ...
......>##.####
#.#
#.#..........#
#.#
#.#.#.###.##.##
...
..........l@c.#
#.#
#..##.###.#####
#.# #......##ยง#
#.####.#######.#
#ll.l...cZ.....#
#.####.#########
#.# #.# #.####.#
.......#


You could see a wyvern and a friendly yaktaur.

Vanquished Creatures
  Sigmund (D:3)
  Purgy (D:3)
  A phantom (D:4)
  An ogre (D:4)
  A howler monkey (D:4)
  Crazy Yiuf (D:2)
  2 orc wizards (D:3)
  An iguana (D:2)
  Ijyb (D:4)
  A worker ant (D:4)
  5 adders
  An ooze (D:2)
  3 worms
  2 dart slugs
  2 leopard geckos
  8 orcs
  2 ball pythons (D:1)
  3 giant cockroaches
  7 goblins
  4 hobgoblins
  7 jackals
  7 kobolds
  A quokka (D:3)
  10 bats
  6 frilled lizards
  A leopard gecko skeleton (D:4)
  A quokka skeleton (D:4)
  2 rats
83 creatures vanquished.

Notes
Turn   | Place    | Note
-------+----------+-------------------------------------------
     0 | D:1      | bbtutu the Octopode Fighter began the quest for the Orb.
     0 | D:1      | Reached XP level 1. HP: 16/16 MP: 1/1
   250 | D:1      | Reached XP level 2. HP: 15/21 MP: 2/2
   659 | D:1      | Reached XP level 3. HP: 27/27 MP: 3/3
   877 | D:2      | Reached skill level 4 in Fighting
  1031 | D:2      | Reached XP level 4. HP: 33/33 MP: 4/4
  1439 | D:2      | Found a runed translucent door.
  1440 | D:2      | Noticed Crazy Yiuf
  2022 | D:2      | Killed Crazy Yiuf
  2022 | D:2      | Reached XP level 5. HP: 38/38 MP: 5/5
  2169 | D:3      | Reached skill level 5 in Fighting
  2269 | D:3      | Noticed Purgy
  2359 | D:3      | Found a sparkling altar of Nemelex Xobeh.
  2362 | D:3      | Noticed Sigmund
  2389 | D:3      | Killed Sigmund
  2389 | D:3      | Reached XP level 6. HP: 12/46 MP: 3/6
  2682 | D:3      | Reached skill level 6 in Fighting
  3219 | D:3      | Became a worshipper of Nemelex Xobeh the Trickster
  3371 | D:3      | Received a gift from Nemelex Xobeh
  3511 | D:3      | Killed Purgy
  3511 | D:3      | Reached skill level 5 in Shields
  3511 | D:3      | Reached skill level 1 in Invocations
  3511 | D:3      | Reached XP level 7. HP: 15/53 MP: 2/7
  4280 | D:4      | Reached skill level 7 in Fighting
  4476 | D:4      | Reached * piety under Nemelex Xobeh
  4660 | D:4      | Noticed Ijyb
  4670 | D:4      | Noticed a wyvern
  4670 | D:4      | Noticed a wyvern
  4670 | D:4      | Noticed a wyvern
  4674 | D:4      | Killed Ijyb
  4699 | D:4      | Slain by a wyvern

Levels and vault maps discovered:
D:1:      lightli_arrival_flooded_house, layout_loops_ring
D:2:      layout_basic, uniq_crazy_yiuf_cottage
D:3:      layout_basic, nemelex_xobeh_ov_fountains_minmay, first_ration,
          uniq_sigmund, uniq_purgy
D:4:      minmay_skewed_foursquare, layout_basic, serial_curves, eino_curves_02,
          eino_curves_02, uniq_ijyb

Skill      XL: |  1  2  3  4  5  6  7 |
---------------+----------------------+-----
Fighting       | 4 5 6 7 |  7.2
Shields        | 4 5 |  5.4
Invocations    | 1 2 |  2.4
Short Blades   | |  2.0
Dodging        | |  3.0

Action                   |  1- 3 |  4- 6 |  7- 9 || total
-------------------------+-------+-------+-------++-------
Melee: Rapier            |    51 |    98 |    35 ||   184
       Constrict         |    11 |    27 |     9 ||    47
       Tentacles         |     5 |    23 |     8 ||    36
Throw: Boomerang         |       |     2 |     3 ||     5
 Abil: Draw Destruction  |       |     3 |       ||     3
       Draw Summoning    |       |     1 |     2 ||     3
  Use: Potion            |       |     1 |       ||     1
 Stab: Sleeping          |     4 |     3 |     2 ||     9
  Eat: Chunk             |       |     7 |     4 ||    11
Armor: Skin              |     4 |     7 |       ||    11
Dodge: Dodged            |    16 |    43 |     8 ||    67
Block: Shield            |    18 |    44 |    15 ||    77

Table legend:
 A = Non-vault XP
 B = Vault XP
 C = Vault XP percentage of total XP
 D = Non-vault monster count
 E = Vault monster count
 F = Vault count percentage of total count
                 A         B        C        D         E       F
            +---------+---------+-------+---------+---------+-------
      Total |     662 |     438 |  39.8 |      78 |       5 |   6.0
            +---------+---------+-------+---------+---------+-------
        D:1 |      36 |       0 |   0.0 |      21 |       0 |   0.0
        D:2 |      94 |      44 |  31.9 |      19 |       1 |   5.0
        D:3 |     163 |     356 |  68.6 |      27 |       2 |   6.9
        D:4 |     369 |      38 |   9.3 |      11 |       2 |  15.4
            +---------+---------+-------+---------+---------+-------
